 Dungeon Crawl Stone Soup version 0.26.1-11-gd32895ea62 (webtiles) character file.

Game seed: 15025128881142859934

51 Zeld the Twirler (level 3, -8/24 HPs)
             Began as an Octopode Gladiator on May 22, 2021.
             Killed by nerve-wracking pain
             ... invoked by a shadow imp
              (10 damage)
             ... on level 5 of the Dungeon.
             The game lasted 00:01:29 (1410 turns).

Zeld the Twirler (Octopode Gladiator)               Turns: 1410, Time: 00:01:30

Health: -8/24      AC:  1    Str: 14    XL:     3   Next: 83%
Magic:  3/3        EV: 14    Int: 10    God:
Gold:   138        SH:  0    Dex: 13    Spells: 2/2 levels left

rFire    . . .     SeeInvis .   a - +0 quarterstaff
rCold    . . .     Faith    .   (shield currently unavailable)
rNeg     . . .     Spirit   .   b - +0 hat
rPois    .         Reflect  .   (no amulet)
rElec    .         Harm     .   (no ring)
rCorr    .         Rampage  .   (no ring)
Will     .....                  (no ring)
Stlth    ++........             (no ring)
HPRegen  0.08/turn              (no ring)
MPRegen  0.08/turn              (no ring)
                                (no ring)
                                (no ring)

@: no status effects
A: almost no armour, stealthy swim, amphibious, 8 rings, constrict 8, camouflage
1, gelatinous body 1
a: no special abilities


You were on level 5 of the Dungeon.
You visited 1 branch of the dungeon, and saw 5 of its levels.

You collected 138 gold pieces.

Inventory:

Hand Weapons
 a - a +0 quarterstaff (weapon)
Missiles
 c - 3 throwing nets
 i - 16 poisoned darts (quivered)
Armour
 b - a +0 hat (worn)
Scrolls
 e - 3 scrolls of enchant weapon {unknown}
 f - a scroll of random uselessness {unknown}
 j - 3 scrolls of identify {unknown}
 m - a scroll of teleportation {unknown}
Potions
 d - a potion of brilliance {unknown}
 g - a potion of ambrosia {unknown}
 h - a potion of heal wounds {unknown}
 k - a potion of curing {unknown}
 l - a potion of flight {unknown}


   Skills:
 - Level 2.0 Fighting
 * Level 4.6 Staves
 - Level 2.0 Throwing
 - Level 3.0 Dodging


You had 2 spell levels left.
You didn't know any spells.
Your spell library contained the following spells:

 Spells                   Type           Power        Failure   Level
 Confusing Touch          Hex            0%           75%         3
 Gell's Gravitas          Tloc           0%           75%         3
 Petrify                  Tmut/Erth      0%           98%         4
 Metabolic Englaciation   Hex/Ice        0%           100%        5
 Yara's Violent Unravell  Hex/Tmut       0%           100%        5


Dungeon Overview and Level Annotations

Branches:
Dungeon (5/15)
 Temple: D:4-7

Altars:
Elyvilon
Zin

Annotations:
D:4 Eustachio


Innate Abilities, Weirdness & Mutations

You cannot wear most types of armour.
You are very stealthy in the water. (Stealth+)
You are amphibious.
You can wear up to eight rings at the same time.
You can use your tentacles to constrict eight enemies at once.
Your skin changes colour to match your surroundings (Stealth+).
Your rubbery body absorbs attacks. (AC +1, EV +1)


Message History

You set off the alarm!
A sentinel's mark forms upon you.
You hear a shout!
Something shouts, "Escape, thou grime-gilt miscreant blabberskite!"
A shadow imp comes into view.
A white imp comes into view.
Found a stone staircase leading down.
The white imp puffs mist at you. The white imp gestures at you.
The puff of frost hits you!
Ouch! That really hurt!
The white imp gestures at you. The puff of frost hits you!
* * * LOW HITPOINT WARNING * * *
The white imp gestures at you. The puff of frost misses you.
The sentinel's mark upon you fades away.
The shadow imp gestures at you. Pain shoots through your body!
You die...

#........####....##
###....### #...##
#....## #5.##
##.##.# ##5.# #..
#.## #..## #.P
#..###..# #.
#..##...# ##
##.......#
#......@.#
##.#####.#
.###...#.#
._.....P...#
...###...#.# #.#
######.# #.#
#.....##
##.###.....#
#...#......# .. .#


You could see a white imp and a shadow imp.

Vanquished Creatures
  A worker ant (D:5)
  An adder (D:3)
  An orc (D:4)
  A giant cockroach (D:2)
  A goblin (D:1)
  3 hobgoblins
  3 kobolds
  4 bats
  A frilled lizard (D:1)
  A leopard gecko skeleton (D:4)
  A rat (D:2)
18 creatures vanquished.

Notes
Turn   | Place    | Note
-------+----------+-------------------------------------------
     0 | D:1      | Zeld the Octopode Gladiator began the quest for the Orb.
     0 | D:1      | Reached XP level 1. HP: 14/14 MP: 1/1
   186 | D:2      | Reached XP level 2. HP: 19/19 MP: 2/2
   211 | D:3      | Reached skill level 4 in Staves
   823 | D:3      | Reached XP level 3. HP: 24/24 MP: 3/3
   945 | D:4      | Noticed Eustachio
   950 | D:4      | Found a glowing silver altar of Zin.
  1250 | D:5      | Entered Level 5 of the Dungeon
  1317 | D:5      | Found a white marble altar of Elyvilon.
  1399 | D:5      | HP: 1/24 [white imp/puff of frost (11)]
  1410 | D:5      | Killed from afar by a shadow imp

Illustrated notes

Levels and vault maps discovered:
D:1:      co_arrival_square_in_a_square_in_a_square, layout_loops_ring
D:2:      layout_rooms, fedhas_altar_2
D:3:      layout_rooms, chequers_ecumenical_altar_simple
D:4:      layout_cave_pods, kennysheep_mini_moat,
          nemelex_xobeh_ov_fountains_minmay, serial_shops, shop, uniq_grinder,
          uniq_eustachio
D:5:      layout_layer_cave, elyvilon_altar_1, minmay_temple_entry_stoned_glass,
          gammafunk_ghost_icy

Skill      XL: |  1  2 |
---------------+-------+-----
Staves         | 4 |  4.6
Fighting       | |  2.0
Throwing       | |  2.0
Dodging        | |  3.0

Action                   || total
-------------------------++-------
Melee: Quarterstaff      ||    36
       Constrict         ||    12
       Tentacles         ||     9
 Stab: Sleeping          ||     4
Armor: Skin              ||     7
Dodge: Dodged            ||    26
